 Dungeon Crawl Stone Soup version 0.30-a0-165-g1891117ce2 (webtiles) character file.

Game seed: 16851010814338747094

69 qw the Chopper (level 4, 0/28 HPs)
             Began as a Gargoyle Fighter on Sept 28, 2022.
             Killed by divine providence
             ... invoked by an orc priest
              (12 damage)
             ... on level 2 of the Dungeon.
             The game lasted 00:00:24 (1168 turns).

qw the Chopper (Gargoyle Fighter)                   Turns: 1168, Time: 00:00:25

Health: 0/28       AC: 10    Str: 21    XL:     4   Next: 20%
Magic:  4/4        EV:  9    Int:  9    God:
Gold:   51         SH:  4    Dex:  9    Spells: 3/3 levels left

rFire   . . .      SeeInvis .    Y - +0 war axe
rCold   . . .      Faith    .    c - +0 buckler
rNeg    + . .      Spirit   .    b - +0 scale mail
rPois   inf        Reflect  .    (no helmet)
rElec   +          Harm     .    (no cloak)
rCorr   .          Rampage  .    (no gloves)
Will    .....                    (no boots)
Stlth   ..........               (no amulet)
HPRegen 0.09/turn                (no ring)
MPRegen 0.09/turn                (no ring)

@: no status effects
A: sickness immunity, AC +3, negative energy resistance 1, electricity
resistance, torment resistance 1, petrification resistance
a: no special abilities


You were on level 2 of the Dungeon.
You visited 1 branch of the dungeon, and saw 2 of its levels.

You collected 51 gold pieces.


Innate Abilities, Weirdness & Mutations

You are immune to sickness and miasma.
Your stone body is resilient. (AC +3)
You are immune to poison.
You resist negative energy. (rN+)
You are resistant to electric shocks. (rElec)
You are resistant to unholy torment.
You are immune to petrification.


   Skills:
 - Level 3.2 Fighting
 + Level 4.0 Axes
 - Level 3.2 Armour
 - Level 3.2 Shields


You had 3 spell levels left.
You didn't know any spells.
Your spell library was empty.

Inventory:

Hand Weapons
 p - a +1 vampiric whip
 Y - a +0 war axe (weapon)
Missiles
 m - a boomerang (quivered)
Armour
 b - a +0 scale mail (worn)
 c - a +0 buckler (worn)
Scrolls
 h - a scroll of identify
Potions
 d - a potion of might
 f - a potion of curing
 g - a potion of berserk rage {unknown}
 n - a potion of ambrosia {unknown}
 o - a potion of brilliance {unknown}

Dungeon Overview and Level Annotations

Branches:
Dungeon (2/15)

Altars:


Message History

You kill the orc!
You slash the orc!
You kill the orc!
You slash the orc!
You kill the orc!
You hit the orc. The orc hits you with a +0 short sword.
You closely miss the orc.
The orc is almost dead.
1118 ||| Stepping ~*~*~tactically~*~*~ (stealth).
You barely miss the orc.
The orc is almost dead.
You block the orc's attack. The orc hits you with a +0 short sword.
You hit the orc.
You kill the orc!
You hit the orc priest.
The orc priest is moderately wounded.
The orc priest barely misses you.
You slash the orc priest!
The orc priest is almost dead.
The orc priest closely misses you.
The orc priest calls down the wrath of Beogh upon you.
Beogh smites you!
Ouch! That really hurt!
You hear a shout!
You hit the orc priest but do no damage.
The orc priest is almost dead.
The orc priest casts a cantrip, but nothing happens.
You slash the orc priest!
You kill the orc priest!
Your Axes skill increases to level 4!
You have reached level 4!
You feel clever.
You start resting.
An orc priest is nearby!
The orc priest hits you but does no damage.
Items here: %% )).
You slash the orc priest!
The orc priest is severely wounded.
The orc priest invokes the aid of Beogh against you.
Beogh smites you!
You die...

#......### #.## $#
#......# #.# . #......#
#.#..o.... #......#
#.#.8o..8. #......#
#.#...o... +......##
#.#.o..o.. #.......#
#.#o...... #.......##
#.#.8...8.
#........####@#.......
.
..#######....#)o.......
....
#...........##....##
.....+...........+
....# ...##...........#
##.# #.......#........
# #.##....#.....###
##.......#.....#
#........#.....#


You could see an orc priest.

Vanquished Creatures
  An orc priest (D:2)
  4 orcs (D:2)
  6 ball pythons
  2 bats
  6 endoplasms
  2 giant cockroaches (D:1)
  3 goblins (D:1)
  2 hobgoblins (D:1)
  2 quokkas (D:1)
  A frilled lizard (D:2)
  A kobold (D:1)
  A rat (D:1)
31 creatures vanquished.

Notes
Turn   | Place    | Note
-------+----------+-------------------------------------------
     0 | D:1      | qw the Gargoyle Fighter began the quest for the Orb.
     0 | D:1      | Reached XP level 1. HP: 14/14 MP: 1/1
     0 | D:1      | 0 ||| qw: Version: 0.2-a-10-g37ed214
     0 | D:1      | 0 ||| qw: Game counter: 735
     0 | D:1      | 0 ||| qw: Always use a shield: true
     0 | D:1      | 0 ||| qw: God list: Okawaru
     0 | D:1      | 0 ||| qw: Allow faded altars: false
     0 | D:1      | 0 ||| qw: Do Orc after D:15 true
     0 | D:1      | 0 ||| qw: Do second Lair branch before Depths: true
     0 | D:1      | 0 ||| qw: Lair rune preference: random
     0 | D:1      | 0 ||| qw: Plans: Normal, Zot:1-4, God:TSO, Crypt, Tomb,
                  | Pan, Slime:5, Hells, Abyss, Orb
     0 | D:1      | 0 ||| PLANNING D:1-11
    98 | D:1      | Reached skill level 2 in Axes
   284 | D:1      | Reached XP level 2. HP: 17/19 MP: 2/2
   557 | D:1      | 557 ||| DROPPING +0 club.
   744 | D:1      | Reached skill level 3 in Axes
   953 | D:1      | 953 ||| READING scroll labelled GIFUUKAPNA.
   954 | D:1      | 954 ||| READING 3 scrolls labelled JEOTY ECAQ.
   955 | D:1      | 955 ||| READING scroll labelled RISCHA QEYROCU.
   956 | D:1      | 956 ||| READING 2 scrolls labelled XIUHIY QEUVEO.
   957 | D:1      | 957 ||| READING scroll labelled WETIHO QYBUKLE.
   962 | D:1      | 962 ||| READING 2 scrolls of identify.
   962 | D:1      | 962 ||| IDENTIFYING fizzy silvery potion
   963 | D:1      | 963 ||| DROPPING scroll of amnesia.
  1014 | D:2      | Reached XP level 3. HP: 23/23 MP: 3/3
  1053 | D:2      | 1053 ||| Stepping ~*~*~tactically~*~*~ (stealth).
  1109 | D:2      | 1109 ||| Stepping ~*~*~tactically~*~*~ (hiding).
  1118 | D:2      | 1118 ||| Stepping ~*~*~tactically~*~*~ (stealth).
  1125 | D:2      | Reached skill level 4 in Axes
  1125 | D:2      | Reached XP level 4. HP: 8/28 MP: 4/4
  1168 | D:2      | Killed from afar by an orc priest

Levels and vault maps discovered:
D:1:      tarquinn_simple_flora_water_c, layout_basic
D:2:      cheibrodos_pilgrimage, layout_basic, minmay_randomly_rotated_circles

Skill      XL: |  1  2  3 |
---------------+----------+-----
Axes           | 2 3 4 |  4.0
Fighting       | |  3.2
Armour         | |  3.2
Shields        | |  3.2

Action                   |  1- 3 |  4- 6 || total
-------------------------+-------+-------++-------
Melee: War axe           |    53 |     1 ||    54
Throw: Boomerang         |    31 |       ||    31
  Use: Scroll            |     6 |       ||     6
Armor: Scale mail        |    18 |     1 ||    19
Dodge: Dodged            |    14 |       ||    14
Block: Buckler           |    10 |       ||    10

Table legend:
 A = Non-vault XP
 B = Vault XP
 C = Vault XP percentage of total XP
 D = Non-vault monster count
 E = Vault monster count
 F = Vault count percentage of total count
                 A         B        C        D         E       F
            +---------+---------+-------+---------+---------+-------
      Total |      46 |      53 |  53.5 |      26 |       5 |  16.1
            +---------+---------+-------+---------+---------+-------
        D:1 |      32 |       0 |   0.0 |      18 |       0 |   0.0
        D:2 |      14 |      53 |  79.1 |       8 |       5 |  38.5
            +---------+---------+-------+---------+---------+-------
